 Dungeon Crawl Stone Soup version 0.20-a0-754-g13ddd6e (webtiles) character file.

1643 Kareekexe the Gusty (level 8, -2/48 HPs)
             Began as a Tengu Air Elementalist on Feb 26, 2017.
             Was an Initiate of Vehumet.
             Slain by an orc warrior
             ... wielding a +0 glaive
              (19 damage)
             ... on level 5 of the Dungeon.
             The game lasted 00:24:54 (8574 turns).

Kareekexe the Gusty (Tengu Air Elementalist)        Turns: 8574, Time: 00:24:55

Health: -2/48      AC:  3    Str:  9    XL:     8   Next: 99%
Magic:  15/15      EV: 15    Int: 17    God:    Vehumet [......]
Gold:   84         SH:  0    Dex: 15    Spells: 2/16 levels left

rFire    . . .     SeeInvis +   x - +2 whip (venom)
rCold    . . .     Gourm    .   a - +1 robe
rNeg     . . .     Faith    .   (no shield)
rPois    .         Spirit   .   (helmet restricted)
rElec    .         Reflect  .   (no cloak)
rCorr    .         Harm     .   (no gloves)
MR       .....                  (boots unavailable)
Stlth    ++........             (no amulet)
Regen    0.2/turn               (no ring)
MPRegen  0.2/turn               r - ring of see invisible

@: no status effects
A: beak, talons 3, able to fly 1
a: Fly, Renounce Religion


You were on level 5 of the Dungeon.
You worshipped Vehumet.
Vehumet was noncommittal.
You were hungry.

You visited 2 branches of the dungeon, and saw 7 of its levels.

You collected 318 gold pieces.
You spent 234 gold pieces at shops.

Inventory:

Hand Weapons
 x - a +2 whip of venom (weapon)
Armour
 a - a +1 robe (worn)
Jewellery
 r - a ring of see invisible (left hand)
Scrolls
 d - 6 scrolls of remove curse
 e - 2 scrolls of blinking
 g - a scroll of immolation {unknown}
 i - a scroll of fog
 k - a scroll of fear
 l - a scroll of enchant armour
 n - a scroll of teleportation
 v - a scroll of amnesia
Potions
 h - a potion of berserk rage
 j - a potion of magic
 m - 3 potions of haste
 o - a potion of degeneration
 w - 2 potions of lignification
Books
 b - a book of Air

   Spells                             Type                      Level
   a - Shock                          Conjuration/Air              1
   b - Swiftness                      Charms/Air                   2
   c - Static Discharge               Conjuration/Air              3
   d - Airstrike                      Air                          4
   e - Lightning Bolt                 Conjuration/Air              5
Comestibles
 c - 5 bread rations
 f - 3 fruits
 z - 4 meat rations


   Skills:
 + Level 4.6 Fighting
 + Level 5.7 Dodging
 - Level 2.0 Stealth
 + Level 4.6 Spellcasting
 + Level 7.0 Conjurations
 + Level 7.5 Air Magic


You had 2 spell levels left.
You knew the following spells:

 Your Spells              Type           Power        Failure   Level  Hunger
a - Lightning Bolt        Conj/Air       ####......   24%         5    ######.
b - Static Discharge      Conj/Air       ####....     2%          3    ###....
c - Swiftness             Chrm/Air       ###.....     6%          2    ##.....
d - Airstrike             Air            ####......   10%         4    ####...


Dungeon Overview and Level Annotations

Branches:
Dungeon (6/15)             Temple (1/1) D:5

Altars:
Ashenzari
Cheibriados
Dithmenos
Elyvilon
Fedhas
Gozag
Hepliaklqana
Kikubaaqudgha
Makhleb
Nemelex Xobeh
Okawaru
Qazlal
Ru
Sif Muna
Trog
Uskayaw
Vehumet
Wu Jian
Xom
Yredelemnul
Zin
The Shining One

Shops:
D:5 [:![

Annotations:
D:3 Malvoorn's ghost, amateur MfSk
D:5 Eustachio


Innate Abilities, Weirdness & Mutations

You have a beak for a mouth.
You have claws for feet.
You can fly.


Message History

You hit the orc warrior.
The orc warrior is poisoned.
Your peck misses the orc warrior.
The orc warrior is lightly wounded.
The orc warrior hits you with a glaive!
* * * LOW HITPOINT WARNING * * *
You closely miss the orc warrior.
The orc warrior is lightly wounded.
The orc warrior closely misses you. The orc warrior closely misses you.
There is an open door here.
You close the door.
An orc warrior opens the door.
The orc warrior looks more healthy.
There is an open door here.
You start resting.
You hit the orc warrior.
The orc warrior is poisoned.
The orc warrior is severely wounded.
The orc warrior misses you.
The orc warrior hits you from afar with a glaive!!
You die...

#..............# ........
#..............##########
#####'#..................
#....#....[.............
#....#..................
#....#..................
#....#..................
#...o#........##+#####'#
#....##@#######........#
#....#........#........#
#....o........#........#
#...>#........#........#
#....#..#######...#..###
########......#######...
#......# #... #......#
#... #......# #...


You could see an orc warrior.

Vanquished Creatures
  An ice beast (D:6)
  A sky beast (D:6)
  A black bear (D:6)
  3 ogres
  A bullfrog (D:6)
  A water moccasin skeleton (D:4)
  A scorpion (D:4)
  A howler monkey (D:6)
  2 crimson imps
  3 hounds
  3 jellies
  3 orc priests
  2 orc wizards
  A centaur skeleton (D:6)
  Natasha (thrice) (D:4)
  5 worker ants
  A hound zombie (D:6)
  A howler monkey skeleton (D:4)
  11 adders
  4 gnolls (D:6)
  3 oozes
  2 adder skeletons
  3 worms
  3 dart slugs
  4 leopard geckos
  15 orcs
  8 giant cockroaches
  9 goblins
  3 hobgoblins
  2 jackals (D:3)
  7 kobolds
  4 quokkas
  4 bats
  5 frilled lizards
  2 jackal skeletons
  8 rats
131 creatures vanquished.

Vanquished Creatures (others)
  3 fungi (D:6)
3 creatures vanquished.

Grand Total: 134 creatures vanquished

Notes
Turn   | Place    | Note
-------+----------+-------------------------------------------
     0 | D:1      | Kareekexe the Tengu Air Elementalist began the quest for the Orb.
     0 | D:1      | Reached XP level 1. HP: 10/10 MP: 4/4
   294 | D:1      | Reached XP level 2. HP: 11/15 MP: 3/6
   708 | D:1      | Reached XP level 3. HP: 19/20 MP: 2/7
   906 | D:2      | Reached skill level 1 in Fighting
   985 | D:2      | HP: 1/20 [poisoned by an adder]
  1023 | D:2      | Found a faded altar of an unknown god.
  1042 | D:2      | Reached XP level 4. HP: 13/25 MP: 5/8
  1269 | D:3      | Noticed Malvoorn's ghost (amateur MfSk)
  2103 | D:3      | Gained mutation: You can fly. [Tengu growth]
  2103 | D:3      | Reached XP level 5. HP: 18/30 MP: 1/9
  2503 | D:3      | Reached skill level 5 in Air Magic
  2713 | D:4      | Noticed Natasha
  2809 | D:4      | Killed Natasha
  2809 | D:4      | Reached XP level 6. HP: 13/35 MP: 1/11
  3023 | D:4      | Noticed Natasha
  3029 | D:4      | Killed Natasha
  3320 | D:4      | Noticed Natasha
  3381 | D:3      | HP: 1/36 [Malvoorn's ghost (2)]
  4163 | D:4      | Reached XP level 7. HP: 14/40 MP: 3/12
  4163 | D:4      | Killed Natasha
  4328 | D:4      | Learned a level 3 spell: Static Discharge
  4331 | D:4      | Learned a level 2 spell: Swiftness
  4336 | D:4      | Learned a level 4 spell: Airstrike
  4437 | D:5      | Entered Level 5 of the Dungeon
  4549 | D:5      | Noticed Eustachio
  4640 | D:5      | Reached skill level 5 in Conjurations
  4798 | D:5      | Found Umuotox's Antique Armour Emporium.
  4869 | D:5      | Found Lexkeeb's Distillery.
  4872 | D:5      | Bought a potion of haste for 130 gold pieces
  4872 | D:5      | Bought a potion of lignification for 39 gold pieces
  4872 | D:5      | Bought a potion of heal wounds for 65 gold pieces
  4922 | D:5      | Found Hacir's Armour Shoppe.
  4945 | D:5      | Found a staircase to the Ecumenical Temple.
  4953 | Temple   | Entered the Ecumenical Temple
  4998 | Temple   | Became a worshipper of Vehumet
  5708 | D:5      | Found Eqado's Book Boutique.
  6104 | D:5      | Reached XP level 8. HP: 22/47 MP: 1/14
  6516 | D:6      | Found a shadowy altar of Dithmenos.
  6672 | D:6      | Reached skill level 5 in Dodging
  7741 | D:6      | Noticed a slime creature
  8077 | D:5      | Learned a level 5 spell: Lightning Bolt
  8574 | D:5      | Slain by an orc warrior

Vault maps used:
D:1:      sevenhm_arrival_forest_fort_large_4
D:2:      chequers_ecumenical_altar_island, minmay_tiny_reverse_x
D:4:      first_bread, uniq_natasha
D:5:      minmay_temple_entry_junction, serial_shops, shop, shop,
          kennysheep_mini_moat, shop, uniq_eustachio
D:6:      lemuel_slime, lemuel_crystal_altar
Temple:   compressed_dpeg_triangle_lava_temple

Skill      XL: |  1  2  3  4  5  6  7  8 |
---------------+-------------------------+-----
Conjurations   | 2 3 4 5 7 |  7.0
Fighting       | 1 2 3 4 |  4.6
Dodging        | 3 4 5 |  5.7
Air Magic      | 5 6 7 |  7.5
Spellcasting   | 3 4 |  4.6
Stealth        | |  2.0

Action                   |  1- 3 |  4- 6 |  7- 9 || total
-------------------------+-------+-------+-------++-------
Melee: Unarmed           |    25 |    22 |       ||    47
       Kick              |     8 |    17 |    31 ||    56
       Peck              |     3 |    11 |    23 ||    37
       Dagger            |       |    68 |    45 ||   113
       Whip              |       |       |    91 ||    91
 Cast: Shock             |    47 |   142 |    13 ||   202
       Static Discharge  |       |       |    38 ||    38
       Airstrike         |       |       |    23 ||    23
       Swiftness         |       |       |     1 ||     1
  Use: Scroll            |     2 |       |    12 ||    14
       Potion            |     1 |     4 |     4 ||     9
 Stab: Sleeping          |     1 |     2 |     4 ||     7
       Distracted        |       |     1 |       ||     1
  Eat: Chunk             |     1 |    10 |    16 ||    27
       Royal jelly       |       |       |     2 ||     2
       Fruit             |       |       |     2 ||     2
Armor: Robe              |     3 |    18 |    21 ||    42
Dodge: Dodged            |    27 |   116 |   127 ||   270
